| TOP OF THE 1ST |
|
Kansas City Royals batting - Pitching for Baltimore Orioles : RHP Don Robinson
|
|
Pitching: RHP Don Robinson
|
|
|
Batting: RHB Rickey Henderson
|
0-0: Fly out, F8 (Flyball, 8LM, EV 94.4 MPH)
|
|
Batting: LHB Gene Richards
|
0-0: Called Strike 0-1: Ball 1-1: Called Strike 1-2: Ball 2-2: Ball 3-2: Foul Ball, location: 2F 3-2: Strikes out looking
|
|
Batting: RHB Bob Horner
|
0-0: Ball 1-0: Ball 2-0: Called Strike 2-1: DOUBLE (Groundball, 5L, EV 94.4 MPH)
|
|
Batting: RHB Gary Carter
|
0-0: Called Strike 0-1: Ball 1-1: Ground out 1-3 (Groundball, 13S, EV 69.4 MPH)
|
| Top of the 1st over - 0 runs, 1 hit, 0 errors, 1 left on base; Kansas City 0 - Baltimore 0 |
| BOTTOM OF THE 1ST |
|
Baltimore Orioles batting - Pitching for Kansas City Royals : RHP Marco Sarabia
|
|
Pitching: RHP Marco Sarabia
|
|
|
Batting: SHB Willie McGee
|
0-0: Ground out 4-3 (Groundball, 4, EV 79.4 MPH)
|
|
Batting: SHB Johnny Ray
|
0-0: Called Strike 0-1: Ball 1-1: Fly out, F3 (Line Drive, 3, EV 71.9 MPH)
|
|
Batting: SHB Steve R Ontiveros
|
0-0: Called Strike 0-1: Ball 1-1: Ball 2-1: Foul Ball, location: 2F 2-2: Foul Ball, location: 2F 2-2: Fly out, F7 (Flyball, 7D, EV 106.9 MPH)
|
| Bottom of the 1st over - 0 runs, 0 hits, 0 errors, 0 left on base; Kansas City 0 - Baltimore 0 |
| TOP OF THE 2ND |
|
Kansas City Royals batting - Pitching for Baltimore Orioles : RHP Don Robinson
|
|
Batting: RHB Lloyd McClendon
|
0-0: Ball 1-0: Ball 2-0: Foul Ball, location: 2F 2-1: Ball 3-1: Foul Ball, location: 2F 3-2: Fly out, F8 (Flyball, 78XD, EV 94.4 MPH)
|
|
Batting: RHB Jeffrey Leonard
|
0-0: Ball 1-0: SINGLE (Flyball, 3D, EV 90.0 MPH)
|
|
Batting: LHB Rick Manning
|
0-0: Ball 1-0: Fielders Choice at 2nd, 6-4 (Groundball, 6, EV 84.4 MPH)
|
|
Batting: LHB Alvin Davis
|
0-0: Called Strike 0-1: Ball 1-1: Ball 2-1: Foul Ball, location: 2F 2-2: Ground out 6-3 (Groundball, 6, EV 106.9 MPH)
|
| Top of the 2nd over - 0 runs, 1 hit, 0 errors, 1 left on base; Kansas City 0 - Baltimore 0 |
| BOTTOM OF THE 2ND |
|
Baltimore Orioles batting - Pitching for Kansas City Royals : RHP Marco Sarabia
|
|
Batting: RHB Dwight Evans
|
0-0: Called Strike 0-1: Called Strike 0-2: Strikes out swinging
|
|
Batting: RHB Ron Cey
|
0-0: Fly out, F4 (Popup, 4M, EV 78.8 MPH)
|
|
Batting: RHB Matt Rice
|
0-0: Called Strike 0-1: Hit by Pitch
|
|
Batting: RHB Mark Brouhard
|
0-0: Foul Ball, location: 2F 0-1: Ball 1-1: Swinging Strike 1-2: Foul Ball, location: 2F 1-2: Fly out, F9 (Flyball, 89S, EV 96.9 MPH)
|
| Bottom of the 2nd over - 0 runs, 0 hits, 0 errors, 1 left on base; Kansas City 0 - Baltimore 0 |
| TOP OF THE 3RD |
|
Kansas City Royals batting - Pitching for Baltimore Orioles : RHP Don Robinson
|
|
Batting: RHB Alberto Gonzalez
|
0-0: Called Strike 0-1: Swinging Strike 0-2: Foul Ball, location: 2F 0-2: Strikes out swinging
|
|
Batting: RHB Rickey Henderson
|
0-0: Ground out 4-3 (Groundball, 4MD, EV 92.5 MPH)
|
|
Batting: LHB Gene Richards
|
0-0: Ball 1-0: Ball 2-0: Foul Ball, location: 2F 2-1: Called Strike 2-2: Foul Ball, location: 2F 2-2: Strikes out swinging
|
| Top of the 3rd over - 0 runs, 0 hits, 0 errors, 0 left on base; Kansas City 0 - Baltimore 0 |
| BOTTOM OF THE 3RD |
|
Baltimore Orioles batting - Pitching for Kansas City Royals : RHP Marco Sarabia
|
|
Batting: RHB Garth Iorg
|
0-0: Ball 1-0: Ground out 6-3 (Groundball, 6, EV 80.6 MPH)
|
|
Batting: RHB Bill Foley
|
0-0: Ball 1-0: Foul Ball, location: 2F 1-1: Ball 2-1: Foul Ball, location: 2F 2-2: Strikes out looking
|
|
Batting: SHB Willie McGee
|
0-0: Swinging Strike 0-1: Ball 1-1: Foul Ball, location: 2F 1-2: Foul Ball, location: 2F 1-2: Ball 2-2: Foul Ball, location: 2F 2-2: Strikes out swinging
|
| Bottom of the 3rd over - 0 runs, 0 hits, 0 errors, 0 left on base; Kansas City 0 - Baltimore 0 |
| TOP OF THE 4TH |
|
Kansas City Royals batting - Pitching for Baltimore Orioles : RHP Don Robinson
|
|
Batting: RHB Bob Horner
|
0-0: Ball 1-0: Ball 2-0: Foul Ball, location: 2F 2-1: Fly out, F7 (Line Drive, 7D, EV 93.1 MPH)
|
|
Batting: RHB Gary Carter
|
0-0: Ball 1-0: Called Strike 1-1: Fly out, F4 (Line Drive, 4, EV 62.5 MPH)
|
|
Batting: RHB Lloyd McClendon
|
0-0: Called Strike 0-1: Swinging Strike 0-2: Strikes out looking
|
| Top of the 4th over - 0 runs, 0 hits, 0 errors, 0 left on base; Kansas City 0 - Baltimore 0 |
| BOTTOM OF THE 4TH |
|
Baltimore Orioles batting - Pitching for Kansas City Royals : RHP Marco Sarabia
|
|
Batting: SHB Johnny Ray
|
0-0: Ball 1-0: Ball 2-0: Foul Ball, location: 2F 2-1: DOUBLE (Line Drive, 7LS, EV 99.4 MPH)
|
|
Batting: SHB Steve R Ontiveros
|
0-0: Foul Ball, location: 2F 0-1: Ball 1-1: Foul Ball, location: 2F 1-2: Ball 2-2: Ground out 4-3 (Groundball, 4, EV 87.5 MPH) Johnny Ray to third
|
|
Batting: RHB Dwight Evans
|
0-0: Ball 1-0: Fly out, F7 (Flyball, 7S, EV 84.4 MPH) Runner from 3rd tags up, SCORES, throw by LF
|
|
Batting: RHB Ron Cey
|
0-0: Foul Ball, location: 2F 0-1: Ball 1-1: Ground out 6-3 (Groundball, 6, EV 79.4 MPH)
|
| Bottom of the 4th over - 1 run, 1 hit, 0 errors, 0 left on base; Kansas City 0 - Baltimore 1 |
| TOP OF THE 5TH |
|
Kansas City Royals batting - Pitching for Baltimore Orioles : RHP Don Robinson
|
|
Batting: RHB Jeffrey Leonard
|
0-0: Swinging Strike 0-1: Ball 1-1: Foul Ball, location: 2F 1-2: Ball 2-2: Ball 3-2: Base on Balls
|
|
Batting: LHB Rick Manning
|
0-0: Fly out, F7 (Line Drive, 7S, EV 95.0 MPH)
|
|
Batting: LHB Alvin Davis
|
0-0: Ball 1-0: Ball 2-0: Called Strike 2-1: Called Strike 2-2: Strikes out looking
|
|
Batting: RHB Alberto Gonzalez
|
0-0: Swinging Strike 0-1: Ball 1-1: Fly out, F8 (Flyball, 8RD, EV 82.5 MPH)
|
| Top of the 5th over - 0 runs, 0 hits, 0 errors, 1 left on base; Kansas City 0 - Baltimore 1 |
| BOTTOM OF THE 5TH |
|
Baltimore Orioles batting - Pitching for Kansas City Royals : RHP Marco Sarabia
|
|
Batting: RHB Matt Rice
|
0-0: Ball 1-0: Ball 2-0: Foul Ball, location: 2F 2-1: Foul Ball, location: 2F 2-2: Foul Ball, location: 2F 2-2: DOUBLE (Line Drive, 5D, EV 96.9 MPH)
|
|
Batting: RHB Mark Brouhard
|
0-0: Fly out, F9 (Line Drive, 9D, EV 83.8 MPH) Runner from 2nd tags up, SAFE at 3rd, no throw by RF
|
|
Batting: RHB Garth Iorg
|
0-0: Foul Ball, location: 2F 0-1: Ground out U3 (Groundball, 3, EV 86.3 MPH)
|
|
Batting: RHB Bill Foley
|
0-0: Ball 1-0: Called Strike 1-1: Ground out U3 (Groundball, 13, EV 77.5 MPH)
|
| Bottom of the 5th over - 0 runs, 1 hit, 0 errors, 1 left on base; Kansas City 0 - Baltimore 1 |
| TOP OF THE 6TH |
|
Kansas City Royals batting - Pitching for Baltimore Orioles : RHP Don Robinson
|
|
Batting: RHB Rickey Henderson
|
0-0: Ball 1-0: Ball 2-0: Ball 3-0: Base on Balls
|
|
Batting: LHB Gene Richards
|
0-0: Ball 1-0: Ball 2-0: Called Strike 2-1: DOUBLE (Flyball, 89XD, EV 105.6 MPH) Rickey Henderson to third
|
|
Batting: RHB Bob Horner
|
0-0: Foul Ball, location: 2F 0-1: Swinging Strike 0-2: Ball 1-2: Strikes out swinging, 2-3 out at first.
|
|
Batting: RHB Gary Carter
|
0-0: Ball 1-0: Foul Ball, location: 2F 1-1: Called Strike 1-2: Ball 2-2: Foul Ball, location: 2F 2-2: Ball 3-2: SINGLE (Line Drive, 89S, EV 113.8 MPH) Rickey Henderson scores Gene Richards to third Runner from 3rd tries for Home, SAFE, throw by RF to home
|
|
Batting: RHB Lloyd McClendon
|
0-0: Ball 1-0: Fly out, F8 (Flyball, 78XD, EV 91.9 MPH)
|
|
Batting: RHB Jeffrey Leonard
|
0-0: Ball 1-0: Swinging Strike 1-1: Foul Ball, location: 2F 1-2: Strikes out swinging
|
| Top of the 6th over - 2 runs, 2 hits, 0 errors, 1 left on base; Kansas City 2 - Baltimore 1 |
| BOTTOM OF THE 6TH |
|
Baltimore Orioles batting - Pitching for Kansas City Royals : RHP Marco Sarabia
|
|
Batting: SHB Willie McGee
|
0-0: Fly out, F7 (Line Drive, 7, EV 91.9 MPH)
|
|
Batting: SHB Johnny Ray
|
0-0: Ball 1-0: Called Strike 1-1: Ball 2-1: Foul Ball, location: 2F 2-2: Ball 3-2: SINGLE (Line Drive, 78S, EV 108.8 MPH)
|
|
Batting: SHB Steve R Ontiveros
|
0-0: Ball 1-0: Ball 2-0: Called Strike 2-1: Swinging Strike 2-2: Ball Johnny Ray steals 2nd base 3-2: Foul Ball, location: 2F 3-2: Foul Ball, location: 2F 3-2: Fly out, F5 (Line Drive, 5, EV 69.4 MPH)
|
|
Batting: RHB Dwight Evans
|
0-0: Ball 1-0: Fly out, F3 (Flyball, 3D, EV 76.9 MPH)
|
| Bottom of the 6th over - 0 runs, 1 hit, 0 errors, 1 left on base; Kansas City 2 - Baltimore 1 |
| TOP OF THE 7TH |
|
Kansas City Royals batting - Pitching for Baltimore Orioles : RHP Don Robinson
|
|
Batting: LHB Rick Manning
|
0-0: Ball 1-0: Called Strike 1-1: Ball 2-1: Reached on error, E4 (Groundball, 4S, EV 92.5 MPH)
|
|
Batting: LHB Alvin Davis
|
0-0: Intentional Walk
|
|
Batting: RHB Alberto Gonzalez
|
0-0: Bunted foul 0-1: Bunted foul 0-2: Foul Ball, location: 2F 0-2: Ball 1-2: SINGLE (Line Drive, 8LS, EV 103.8 MPH) Rick Manning to third Alvin Davis to second Runner from 3rd tries for Home, throw by CF and OUT! 8-2
|
|
Batting: RHB Rickey Henderson
|
0-0: Ball 1-0: Grounds into double play, 5-4-3 (Groundball, 56, EV 98.8 MPH)
|
| Top of the 7th over - 0 runs, 1 hit, 1 error, 1 left on base; Kansas City 2 - Baltimore 1 |
| BOTTOM OF THE 7TH |
|
Baltimore Orioles batting - Pitching for Kansas City Royals : RHP Marco Sarabia
|
|
Batting: RHB Ron Cey
|
0-0: Ball 1-0: Ball 2-0: Swinging Strike 2-1: Foul Ball, location: 2F 2-2: Ball 3-2: Strikes out swinging
|
|
Batting: RHB Matt Rice
|
0-0: SINGLE (Line Drive, 6M, EV 98.1 MPH)
|
|
Pitching: RHP Orel Hershiser
|
|
|
Batting: RHB Mark Brouhard
|
0-0: Ball 1-0: Called Strike 1-1: Called Strike 1-2: Foul Ball, location: 2F 1-2: Foul Ball, location: 2F 1-2: Single, Error in OF, E7, batter to second base (Groundball, 6D, EV 96.3 MPH) Matt Rice to third
|
|
Pinch Hitting: LHB Dave Parker
|
0-0: Ball 1-0: Foul Ball, location: 2F 1-1: Foul Ball, location: 2F 1-2: Fly out, F8 (Flyball, 89S, EV 81.3 MPH)
|
|
Batting: RHB Bill Foley
|
0-0: Swinging Strike 0-1: Called Strike Balk! Matt Rice scores Mark Brouhard to third 0-2: Strikes out swinging
|
| Bottom of the 7th over - 1 run, 2 hits, 1 error, 1 left on base; Kansas City 2 - Baltimore 2 |
| TOP OF THE 8TH |
|
Kansas City Royals batting - Pitching for Baltimore Orioles : RHP Don Robinson
|
|
Now at 2B: Mike Hart
|
|
|
Batting: LHB Gene Richards
|
0-0: Swinging Strike 0-1: Foul Ball, location: 2F 0-2: Strikes out swinging
|
|
Batting: RHB Bob Horner
|
0-0: Ball 1-0: Called Strike 1-1: Swinging Strike 1-2: Foul Ball, location: 2F 1-2: Strikes out looking
|
|
Batting: RHB Gary Carter
|
0-0: Ball 1-0: Ground out 6-3 (Groundball, 6MS, EV 63.8 MPH)
|
| Top of the 8th over - 0 runs, 0 hits, 0 errors, 0 left on base; Kansas City 2 - Baltimore 2 |
| BOTTOM OF THE 8TH |
|
Baltimore Orioles batting - Pitching for Kansas City Royals : RHP Orel Hershiser
|
|
Batting: SHB Willie McGee
|
0-0: Ball 1-0: Fly out, F6 (Flyball, 5D, EV 91.9 MPH)
|
|
Batting: SHB Johnny Ray
|
0-0: Ball 1-0: Called Strike 1-1: SINGLE (Groundball, 34D, EV 85.0 MPH) (infield hit)
|
|
Batting: SHB Steve R Ontiveros
|
0-0: Called Strike 0-1: Foul Ball, location: 2F 0-2: Ball 1-2: Ball 2-2: Foul Ball, location: 2F 2-2: Ball 3-2: Base on Balls Johnny Ray to second
|
|
Batting: RHB Dwight Evans
|
0-0: Ball 1-0: Foul Ball, location: 2F 1-1: Fly out, F9 (Line Drive, 9D, EV 106.3 MPH)
|
|
Batting: RHB Ron Cey
|
0-0: Ball 1-0: Called Strike 1-1: Fly out, F8 (Line Drive, 8RD, EV 86.9 MPH)
|
| Bottom of the 8th over - 0 runs, 1 hit, 0 errors, 2 left on base; Kansas City 2 - Baltimore 2 |
| TOP OF THE 9TH |
|
Kansas City Royals batting - Pitching for Baltimore Orioles : RHP Don Robinson
|
|
Pinch Hitting: LHB Jim Eisenreich
|
0-0: Ball 1-0: Ball 2-0: Foul Ball, location: 2F 2-1: Ground out 4-3 (Groundball, 4, EV 96.3 MPH)
|
|
Batting: RHB Jeffrey Leonard
|
0-0: Ball 1-0: Ball 2-0: Ball 3-0: Called Strike 3-1: SINGLE (Line Drive, 7LS, EV 95.0 MPH)
|
|
Pitching: RHP George Durham
|
|
|
Batting: LHB Rick Manning
|
0-0: Foul Ball, location: 2F 0-1: Ball 1-1: Foul Ball, location: 2F 1-2: Ball 2-2: Ball 3-2: Strikes out swinging
|
|
Batting: LHB Alvin Davis
|
0-0: Ball Jeffrey Leonard steals 2nd base 1-0: Intentional Walk
|
|
Batting: RHB Alberto Gonzalez
|
0-0: Swinging Strike 0-1: Ground out 3-1 (Groundball, 34, EV 99.4 MPH)
|
| Top of the 9th over - 0 runs, 1 hit, 0 errors, 2 left on base; Kansas City 2 - Baltimore 2 |
| BOTTOM OF THE 9TH |
|
Baltimore Orioles batting - Pitching for Kansas City Royals : RHP Orel Hershiser
|
|
Now at C: Charlie O'Brien
|
|
|
Pinch Hitting: LHB Fred Lynn
|
0-0: Foul Ball, location: 2F 0-1: Fly out, F8 (Flyball, 8LXD, EV 98.1 MPH)
|
|
Batting: RHB Mark Brouhard
|
0-0: Ball 1-0: Ball 2-0: Ball 3-0: Called Strike 3-1: Foul Ball, location: 2F 3-2: Strikes out swinging
|
|
Batting: SHB Mike Hart
|
0-0: Called Strike 0-1: Ball 1-1: SINGLE (Groundball, 6M, EV 105.6 MPH) (infield hit)
|
|
Pitching: RHP Sandy Wihtol
|
|
|
Batting: RHB Bill Foley
|
0-0: Called Strike 0-1: Ball 1-1: Ball 2-1: Ball 3-1: Base on Balls Mike Hart to second
|
|
Batting: SHB Willie McGee
|
0-0: Fly out, F8 (Flyball, 89D, EV 105.6 MPH)
|
| Bottom of the 9th over - 0 runs, 1 hit, 0 errors, 2 left on base; Kansas City 2 - Baltimore 2 |
| TOP OF THE 10TH |
|
Kansas City Royals batting - Pitching for Baltimore Orioles : RHP George Durham
|
|
Now at SS: Mike Henderson
|
|
|
Batting: RHB Rickey Henderson
|
0-0: Ball 1-0: Called Strike 1-1: Ground out 4-3 (Groundball, 4, EV 90.0 MPH)
|
|
Batting: LHB Gene Richards
|
0-0: Swinging Strike 0-1: Called Strike 0-2: Fly out, F8 (Flyball, 8LD, EV 86.3 MPH)
|
|
Batting: RHB Bob Horner
|
0-0: Called Strike 0-1: Ball 1-1: Ground out 6-3 (Groundball, 6, EV 76.9 MPH)
|
| Top of the 10th over - 0 runs, 0 hits, 0 errors, 0 left on base; Kansas City 2 - Baltimore 2 |
| BOTTOM OF THE 10TH |
|
Baltimore Orioles batting - Pitching for Kansas City Royals : RHP Sandy Wihtol
|
|
Batting: SHB Johnny Ray
|
0-0: Fly out, F9 (Line Drive, 9S, EV 94.4 MPH)
|
|
Batting: SHB Steve R Ontiveros
|
0-0: Ground out U3 (Groundball, 34, EV 87.5 MPH)
|
|
Batting: RHB Dwight Evans
|
0-0: Called Strike 0-1: Swinging Strike 0-2: Ground out 6-3 (Groundball, 56, EV 87.5 MPH)
|
| Bottom of the 10th over - 0 runs, 0 hits, 0 errors, 0 left on base; Kansas City 2 - Baltimore 2 |
| TOP OF THE 11TH |
|
Kansas City Royals batting - Pitching for Baltimore Orioles : RHP George Durham
|
|
Batting: RHB Gary Carter
|
0-0: SINGLE (Groundball, 4MD, EV 108.1 MPH)
|
|
Batting: RHB Charlie O'Brien
|
0-0: Foul Ball, location: 2F 0-1: Ball Wild Pitch! Gary Carter to second 1-1: Swinging Strike 1-2: Ball 2-2: Strikes out looking
|
|
Batting: RHB Jeffrey Leonard
|
0-0: Called Strike 0-1: Ball 1-1: Fly out, F3 (Flyball, 3D, EV 81.3 MPH)
|
|
Batting: LHB Rick Manning
|
0-0: Ball 1-0: Foul Ball, location: 2F 1-1: Called Strike 1-2: Hit by Pitch
|
|
Batting: LHB Alvin Davis
|
0-0: Ball 1-0: Called Strike 1-1: Fly out, F8 (Flyball, 8LD, EV 83.1 MPH)
|
| Top of the 11th over - 0 runs, 1 hit, 0 errors, 2 left on base; Kansas City 2 - Baltimore 2 |
| BOTTOM OF THE 11TH |
|
Baltimore Orioles batting - Pitching for Kansas City Royals : RHP Sandy Wihtol
|
|
Batting: RHB Ron Cey
|
0-0: Ball 1-0: Ground out 5-3 (Groundball, 5, EV 86.9 MPH)
|
|
Batting: SHB Mike Henderson
|
0-0: Foul Ball, location: 2F 0-1: Ball 1-1: Swinging Strike 1-2: SINGLE (Groundball, P, EV 83.1 MPH) (infield hit)
|
|
Batting: RHB Mark Brouhard
|
0-0: SINGLE (Line Drive, 89S, EV 90.6 MPH) Mike Henderson to second Runner from 2nd tries for 3rd, SAFE, no throw by CF
|
|
Batting: SHB Mike Hart
|
0-0: Called Strike 0-1: Fly out, F7 (Flyball, 7D, EV 94.4 MPH) Runner from 3rd tags up, SCORES, no throw by LF
|
| Bottom of the 11th over - 1 run, 2 hits, 0 errors, 0 left on base; Kansas City 2 - Baltimore 3 |
|